 Dungeon Crawl Stone Soup version 0.30.1-4-g462c640d31 (webtiles) character file.

Game seed: 11253899684631106657

727 spardeous the Conjurer (level 7, -2/50 HPs)
             Began as a Demigod Conjurer on Aug 14, 2023.
             Slain by an orc warrior
             ... wielding a +0 halberd
              (15 damage)
             ... on level 5 of the Dungeon.
             The game lasted 00:04:05 (5401 turns).

spardeous the Conjurer (Demigod Conjurer)           Turns: 5401, Time: 00:04:06

Health: -2/50      AC:  3    Str:  8    XL:     7   Next: 20%
Magic:  12/17      EV: 12    Int: 28    God:
Gold:   276        SH:  0    Dex: 12    Spells: 7/14 levels left

rFire   . . .        (no weapon)
rCold   . . .        (no shield)
rNeg    . . .        a - +0 robe
rPois   .            (no helmet)
rElec   .            h - +0 cloak
rCorr   .            (no gloves)
SInv    .            (no boots)
Will    .....        (no amulet)
Stlth   ++           (no ring)
HPRegen 0.28/turn    (no ring)
MPRegen 0.15/turn

%: no passive effects
@: no status effects
A: high MP 1, forlorn, divine attributes
a: no special abilities


You were on level 5 of the Dungeon.
You visited 1 branch of the dungeon, and saw 6 of its levels.

You collected 304 gold pieces.
You spent 28 gold pieces at shops.

Inventory:

Armour
 a - a +0 robe (worn)
 h - a +0 cloak (worn)
Magical Staves
 s - a staff of earth
Wands
 c - a wand of roots (15)
 r - a wand of paralysis (9)
 t - a wand of flame (13)
Scrolls
 e - 4 scrolls of magic mapping
 g - a scroll of blinking
 k - 4 scrolls of teleportation {unknown}
 l - 2 scrolls of vulnerability
 n - 5 scrolls of enchant weapon
 p - a scroll of amnesia
 v - a scroll of identify
 w - a scroll of enchant armour {unknown}
 x - a scroll of silence {unknown}
 y - a scroll of summoning {unknown}
Potions
 b - 3 potions of magic
 d - 2 potions of haste {unknown}
 f - 3 potions of mutation {unknown}
 i - a potion of cancellation {unknown}
 j - 4 potions of curing {unknown}
 m - 2 potions of attraction {unknown}
 o - a potion of heal wounds {unknown}
 q - a potion of degeneration {unknown}
 u - a potion of ambrosia {unknown}
 z - a potion of resistance {unknown}


   Skills:
 - Level 1.7 Dodging
 - Level 1.7 Stealth
 + Level 4.4 Spellcasting
 - Level 7.1 Conjurations


You had 7 spell levels left.
You knew the following spells:

 Your Spells              Type           Power      Damage    Failure   Level
a - Magic Dart            Conj           100%       1d8       1%          1
b - Searing Ray           Conj           92%        2d7       1%          2
c - Iskenderun's Mystic   Conj/Tloc      26%        2d7       17%         4

Your spell library contained the following spells:

 Spells                   Type           Power      Damage    Failure   Level
 Dazzling Flash           Conj/Hex       52%        N/A       4%          3
 Mephitic Cloud           Conj/Pois/Air  19%        N/A       9%          3
 Blink                    Tloc           12%        N/A       11%         2
 Lesser Beckoning         Tloc           12%        N/A       11%         2
 Fulminant Prism          Conj/Hex       13%        3d8       17%         4
 Gell's Gravitas          Tloc           6%         N/A       22%         3
 Teleport Other           Tloc           6%         N/A       22%         3
 Tukima's Dance           Hex            6%         N/A       22%         3
 Vhi's Electric Charge    Tloc/Air       12%        N/A       22%         3
 Arcjolt                  Conj/Air       13%        1d23      43%         5
 Airstrike                Air            3%         2d(1-17)  56%         4
 Manifold Assault         Tloc           6%         N/A       56%         4
 Passage of Golubria      Tloc           6%         N/A       56%         4
 Summon Lightning Spire   Summ/Air       6%         N/A       56%         4
 Yara's Violent Unravell  Hex/Tmut       3%         3d4       89%         5
 Plasma Beam              Fire/Air       3%         2x1d14    100%        6
 Storm Form               Tmut/Air       3%         N/A       100%        7


Dungeon Overview and Level Annotations

Branches:
Dungeon (6/15)             Temple (0/1) D:4

Shops:
D:3 *

Annotations:
D:3 1 runed translucent door, Crazy Yiuf


Innate Abilities, Weirdness & Mutations

You have an increased reservoir of magic. (+10% MP)
You shall have no god before yourself.
Your divine heritage dramatically boosts your attributes as you level up.


Message History

You now have 8/17 mp.
Found an opulent altar of Gozag.
MP restored: 17 You now have 262 gold pieces (gained 12).
You now have 276 gold pieces (gained 14).
You see here 2 stones.
An orc warrior is nearby!
An orc warrior is nearby!
An orc warrior is nearby!
An orc warrior is nearby!
An orc warrior is nearby!
An orc warrior is nearby!
An orc warrior is nearby!
Found a human corpse.
Items here: )) [[.
Casting: Searing Ray (safe; 1% risk of failure)
Confirm with . or Enter, or press ? or * to list all spells.
Aiming: Searing Ray (safe; 1% risk of failure)
Press: ? - help, Shift-Dir - straight line, f - orc warrior
Aim: an orc warrior, wielding a +0 halberd and wearing a +0 plate armour (wandering, hasn't noticed you, 82% to hit)
The searing ray hits the orc warrior.
The orc warrior is lightly wounded.
The orc warrior shouts! (Press . to maintain the ray.)
The orc warrior hits you with a +0 halberd!
You take 8 damage, and have 42/50 hp.
You now have 15/17 mp.
The searing ray hits the orc warrior.
The orc warrior is lightly wounded.
The orc warrior hits you with a +0 halberd!
You take 16 damage, and have 26/50 hp.
MASSIVE DAMAGE!!
You now have 14/17 mp.
The searing ray misses the orc warrior.
The orc warrior misses you.
You now have 13/17 mp.
The searing ray hits the orc warrior!
The orc warrior is moderately wounded.
You finish channelling your searing ray.
The orc warrior hits you with a +0 halberd!
* * * LOW HITPOINT WARNING * * *
You take 13 damage, and have 13/50 hp.
MASSIVE DAMAGE!!
You now have 12/17 mp.
The orc warrior hits you with a +0 halberd!
You die...

....#......##
....+..)...#
....#......#
<...#.>....#
.##+#......####
.##.###.......###
......#.........##
......+.......#..#
......#.......##@#
#####'#.......##o#
###...##'###.(##†.
...........#..##...
...........#..##....
...........#..##..)..
...........#..########
...........'..####
...........#.....#


You could see an orc warrior.

Vanquished Creatures
  2 ice beasts (D:5)
  An ogre (D:5)
  Blork the orc (D:5)
  A scorpion (D:4)
  A howler monkey (D:5)
  4 hounds (D:5)
  An iguana (D:5)
  6 adders
  A shadow imp (D:5)
  3 worms
  3 dart slugs
  8 orcs
  7 ball pythons
  5 bats
  5 endoplasms
  6 giant cockroaches
  3 goblins
  8 hobgoblins
  3 quokkas
  2 frilled lizards (D:2)
  7 kobolds
  5 rats
83 creatures vanquished.

Notes
Turn   | Place    | Note
-------+----------+-------------------------------------------
     0 | D:1      | spardeous the Demigod Conjurer began the quest for the Orb.
     0 | D:1      | Reached XP level 1. HP: 14/14 MP: 5/5
   268 | D:1      | Reached skill level 4 in Conjurations
   527 | D:1      | Reached XP level 2. HP: 20/20 MP: 4/7
  1112 | D:1      | Learned a level 2 spell: Searing Ray
  1219 | D:2      | Reached XP level 3. HP: 26/26 MP: 4/8
  2195 | D:3      | Found Haosseg's General Store.
  2203 | D:3      | Bought a scroll of identify for 28 gold pieces
  2419 | D:3      | Reached skill level 5 in Conjurations
  3085 | D:3      | Found a runed translucent door.
  3086 | D:3      | Noticed Crazy Yiuf
  3204 | D:3      | Reached XP level 4. HP: 33/33 MP: 5/9
  3429 | D:4      | Found a staircase to the Ecumenical Temple.
  3712 | D:4      | Reached skill level 6 in Conjurations
  3712 | D:4      | Reached XP level 5. HP: 33/38 MP: 1/10
  3934 | D:4      | Learned a level 4 spell: Iskenderun's Mystic Blast
  4240 | D:5      | Entered Level 5 of the Dungeon
  4261 | D:5      | Noticed Blork the orc
  4267 | D:5      | Killed Blork the orc
  4431 | D:5      | Reached XP level 6. HP: 42/45 MP: 8/11
  4465 | D:5      | Reached skill level 7 in Conjurations
  4621 | D:5      | You fall into a shaft and drop 1 floor!
  5200 | D:5      | Reached XP level 7. HP: 50/50 MP: 10/16
  5206 | D:5      | Got Pyetarint's Anthology of Astrapomancy
  5401 | D:5      | Slain by an orc warrior

Illustrated notes

Levels and vault maps discovered:
D:1:      reono_arrival_mine, layout_loops_corners
D:2:      layout_basic, basic_altar, basic_ecumenical_altar
D:3:      layout_loops_ring, overflow_temple_1_default, serial_shops,
          nicolae_shop_stone, uniq_crazy_yiuf_cottage
D:4:      layout_loops_ring, tso_metal_star, minmay_temple_entry_overgrown
D:5:      layout_gridville, mainiacjoe_overflow_small_starburst,
          mainiacjoe_overflow_paths,
          nicolae_gozag_cash_rules_everything_around_me,
          nicolae_qazlal_general_emergency, chequers_garden,
          serial_park_tiny_pond, nicolae_nh_ransacked_shop, uniq_blork_the_orc
D:6:      layout_loops_ring

Skill      XL: |  1  2  3  4  5  6  7 |
---------------+----------------------+-----
Conjurations   | 4 5 6 7 |  7.1
Spellcasting   | 3 4 |  4.4
Dodging        | |  1.7
Stealth        | |  1.7

Action                     |  1- 3 |  4- 6 |  7- 9 || total
---------------------------+-------+-------+-------++-------
  Melee: Unarmed           |     7 |       |       ||     7
   Cast: Magic Dart        |   104 |    74 |       ||   178
         Searing Ray       |     2 |     9 |     3 ||    14
    Use: Scroll            |     3 |     2 |       ||     5
 Armour: Robe              |     5 |     5 |       ||    10
  Dodge: Dodged            |    22 |     8 |     2 ||    32
